 Dungeon Crawl Stone Soup version 0.29-a0-845-g6161e89988 (webtiles) character file.

Game seed: 10762186318373746968

4374 mcwallace the Skirmisher (level 10, -3/63 HPs)
             Began as a Kobold Hunter on July 16, 2022.
             Was a Follower of Fedhas.
             Slain by a yak (12 damage)
             ... on level 8 of the Dungeon.
             The game lasted 00:29:23 (9547 turns).

mcwallace the Skirmisher (Kobold Hunter)            Turns: 9547, Time: 00:29:24

Health: -3/63      AC: 13    Str: 14    XL:     10   Next: 60%
Magic:  11/12      EV: 18    Int: 17    God:    Fedhas [*.....]
Gold:   670        SH:  0    Dex: 28    Spells: 9/9 levels left

rFire   + + +      SeeInvis .   a - +0 shortbow {bow}
rCold   + . .      Faith    .   (shield currently unavailable)
rNeg    . . .      Spirit   .   d - +1 scale mail {rF+}
rPois   .          Reflect  .   M - +0 helmet
rElec   +          Harm     .   Z - scarf {rC+ rF+}
rCorr   .          Rampage  .   F - +2 pair of gloves of the Nexus {rElec Str+5}
Will    .....                   O - +0 pair of boots
Stlth   +++++.....              (no amulet)
HPRegen 0.20/turn               i - ring of Cowardice {Contam rElec rF+ Int+6 Slay+2}
MPRegen 0.13/turn               p - +6 ring of dexterity

@: no status effects
A: small, no large weapons, nightstalker 3
a: Renounce Religion


You were on level 8 of the Dungeon.
You worshipped Fedhas.
Fedhas was aware of your devotion.
You visited 2 branches of the dungeon, and saw 9 of its levels.
You also visited: Sewer and Ossuary.

You collected 730 gold pieces.
You spent 60 gold pieces at shops.


Innate Abilities, Weirdness & Mutations

You are small and have problems with some larger weapons.
You are completely attuned to the shadows.


   Skills:
 + Level 7.5 Fighting
 + Level 10.0 Ranged Weapons
 - Level 4.0 Armour
 + Level 8.0 Dodging
 + Level 9.2 Stealth
 + Level 2.8 Invocations
 - Level 5.0 Evocations


You had 9 spell levels left.
You didn't know any spells.
Your spell library contained the following spells:

 Spells                   Type           Power      Damage    Failure   Level
 Blink                    Tloc           0%         N/A       80%         2
 Ensorcelled Hibernation  Hex/Ice        0%         N/A       80%         2
 Passwall                 Tmut/Erth      0%         N/A       80%         2
 Stone Arrow              Conj/Erth      0%         3d7       95%         3
 Swiftness                Air            0%         N/A       95%         3
 Animate Armour           Summ/Erth      0%         N/A       100%        4
 Blade Hands              Tmut           0%         N/A       100%        5
 Fireball                 Conj/Fire      0%         3d3       100%        5
 Manifold Assault         Tloc           0%         N/A       100%        5
 Iron Shot                Conj/Erth      0%         9d1       100%        6
 Starburst                Conj/Fire      0%         6d3       100%        6
 Storm Form               Tmut/Air       0%         N/A       100%        7
 Ignition                 Fire           0%         3d3       100%        8
 Lehudib's Crystal Spear  Conj/Erth      0%         10d2      100%        8

Inventory:

Hand Weapons
 a - a +0 shortbow (weapon) {bow}
 y - a +1 war axe of flaming {axe}
   (You took it off an orc on level 3 of the Dungeon)
 N - a +0 short sword {short}
   (You took it off Duvessa on level 4 of the Dungeon)
 Y - a +0 mace of protection {mace}
   (You found it on level 5 of the Dungeon)
Missiles
 g - 72 stones {throwing}
 m - a throwing net {=f!fthrowing}
 B - a boomerang {throwing}
 E - 4 poisoned darts {throwing}
Armour
 d - a +1 scale mail of fire resistance (worn)
   (You took it off Duvessa on level 4 of the Dungeon)
 h - the +1 robe "Vuidoh" {rElec Int+4}
   (You found it on level 5 of the Dungeon)

   Int:       It affects your intelligence (+4).
   rElec:     It insulates you from electricity.
 F - the +2 pair of gloves of the Nexus (worn) {rElec Str+5}
   (You acquired it in an ossuary)

   Str:       It affects your strength (+5).
   rElec:     It insulates you from electricity.
 M - a +0 helmet (worn)
   (You found it on level 4 of the Dungeon)
 O - a +0 pair of boots (worn)
   (You found it on level 6 of the Dungeon)
 P - a +0 chain mail
   (You found it on level 6 of the Dungeon)
 Q - a +0 robe
   (You found it on level 6 of the Dungeon)
 R - a scarf of repulsion
   (You found it on level 6 of the Dungeon)
 T - a +0 scale mail
   (You found it on level 7 of the Dungeon)
 W - a +0 robe
   (You found it on level 5 of the Dungeon)
 X - a +0 robe
   (You found it on level 5 of the Dungeon)
 Z - a scarf of resistance (worn)
   (You found it on level 5 of the Dungeon)
Jewellery
 i - the ring of Cowardice (left hand) {Contam rElec rF+ Int+6 Slay+2}
   (You acquired it in an ossuary)

   [ring of intelligence]

   Int:       It affects your intelligence (+6).
   Slay:      It affects your accuracy & damage with ranged weapons and melee
   (+2).
   rF:        It protects you from fire.
   rElec:     It insulates you from electricity.
   Contam:    It causes magical contamination when unequipped.
 k - a ring of flight
   (You found it on level 1 of the Dungeon)
 p - a +6 ring of dexterity (right hand)
   (You found it on level 2 of the Dungeon)
 s - a ring of magical power
   (You found it on level 3 of the Dungeon)
Wands
 o - a wand of mindburst (8)
   (You found it on level 7 of the Dungeon)
 D - a wand of flame (17)
   (You found it on level 6 of the Dungeon)
 S - a wand of digging (3)
   (You found it on level 7 of the Dungeon)
 U - a wand of paralysis (15)
   (You found it on level 5 of the Dungeon)
Scrolls
 b - 2 scrolls of immolation {!r!r}
 c - a scroll of blinking {unknown}
 e - 2 scrolls of noise {unknown}
 f - 3 scrolls of amnesia {unknown}
 r - 3 scrolls of vulnerability {unknown}
 v - 4 scrolls of fear {unknown}
 w - 3 scrolls of teleportation {unknown}
 x - 2 scrolls of fog {unknown}
 A - a scroll of brand weapon {unknown}
 C - a scroll of magic mapping {unknown}
 K - 3 scrolls of enchant armour
 V - a scroll of silence {unknown}
Potions
 j - 2 potions of invisibility
 l - 2 potions of resistance {unknown}
 n - 2 potions of curing {@q1}
 q - 2 potions of degeneration {!q@e2}
 t - a potion of cancellation {unknown}
 u - a potion of lignification {unknown}
 z - 4 potions of berserk rage {!q}
 G - a potion of might {unknown}
 H - 2 potions of ambrosia {unknown}
 I - 6 potions of mutation {!q}
 J - 4 potions of attraction {unknown}
 L - 3 potions of brilliance {unknown}

Dungeon Overview and Level Annotations

Branches:
Dungeon (8/15) Zot: 26930  Temple (1/1) D:6 Zot: 5648   Sewer (visited)
Ossuary (visited)
   Lair: D:8-11

Altars:
Cheibriados
Elyvilon
Fedhas
Gozag
Hepliaklqana
Kikubaaqudgha
Makhleb
Nemelex Xobeh
Qazlal
Ru
Sif Muna
Uskayaw
Vehumet
Wu Jian
Xom
Yredelemnul
Zin
The Shining One

Shops:
D:6 *

Annotations:
D:7 2 transporters, zeratav's ghost, novice OpVM

..... #...
#.. #.# #<#
#.# #.# #@#
#Y# #)# #)#
###
##+#.###...
..........
#.#.#.#.#.#
...#.......
..#.#.#...#


You could see a yak.


Message History

Press: ? - help, Q - select action, (/) - cycle Shift-Dir - straight line, f - yak
Aim: a yak (moderately wounded, 80% to hit)
You shoot an arrow. The arrow hits the yak.
The yak closely misses you.
Fire: a) +0 shortbow {bow}
Press: ? - help, Q - select action, (/) - cycle Shift-Dir - straight line, f/p - yak
Aim: a yak (moderately wounded, 80% to hit)
You shoot an arrow. The arrow hits the yak!
The yak completely misses you.
Fire: a) +0 shortbow {bow}
Press: ? - help, Q - select action, (/) - cycle Shift-Dir - straight line, f/p - yak
Aim: a yak (severely wounded, 80% to hit)
You shoot an arrow.
The arrow hits the yak but does no damage.
The yak closely misses you. x2 😨 HP[+1] Fire: a) +0 shortbow {bow}
Press: ? - help, Q - select action, (/) - cycle Shift-Dir - straight line, f/p - yak
Aim: a yak (severely wounded, 80% to hit)
You shoot an arrow. The arrow barely misses the yak.
The arrow hits the yak.
The yak gores you but does no damage.
Fire: a) +0 shortbow {bow}
Press: ? - help, Q - select action, (/) - cycle Shift-Dir - straight line, f/p - yak
Aim: a yak (heavily wounded, 80% to hit)
You shoot an arrow. The arrow barely misses the yak.
The arrow hits the yak!
The yak gores you but does no damage.
Fire: a) +0 shortbow {bow}
Press: ? - help, Q - select action, (/) - cycle Shift-Dir - straight line, f/p - yak
Aim: a yak (heavily wounded, 80% to hit)
You shoot an arrow. The arrow hits the yak.
The yak barely misses you.
Fire: a) +0 shortbow {bow}
Press: ? - help, Q - select action, (/) - cycle Shift-Dir - straight line, f/p - yak
Aim: a yak (severely wounded, 80% to hit)
You shoot an arrow. The arrow completely misses the yak.
The arrow hits the yak!
The yak barely misses you. 😨 HP[+1] Fire: a) +0 shortbow {bow}
Press: ? - help, Q - select action, (/) - cycle Shift-Dir - straight line, f/p - yak
Aim: a yak (severely wounded, 80% to hit)
You shoot an arrow. The arrow hits the yak!
You kill the yak!
Fedhas appreciates your contribution to the ecosystem.
The yak closely misses you.
Fire: a) +0 shortbow {bow}
Press: ? - help, Q - select action, (/) - cycle Shift-Dir - straight line, f - yak
Aim: a yak (heavily wounded, 80% to hit)
You shoot an arrow. The arrow barely misses the yak.
The arrow hits the yak but does no damage.
The yak gores you.
* * * LOW HITPOINT WARNING * * *
😨 HP[-3]
You take 3 damage, and now have 28/63 hp.
Fire: a) +0 shortbow {bow}
Press: ? - help, Q - select action, (/) - cycle Shift-Dir - straight line, f/p - yak
Aim: a yak (heavily wounded, 80% to hit)
You shoot an arrow. The arrow hits the yak!
The yak barely misses you.
Fire: a) +0 shortbow {bow}
Press: ? - help, Q - select action, (/) - cycle Shift-Dir - straight line, f/p - yak
Aim: a yak (severely wounded, 80% to hit)
You shoot an arrow. The arrow barely misses the yak.
The arrow hits the yak but does no damage.
The yak closely misses you. 😨 HP[+1] Fire: a) +0 shortbow {bow}
Press: ? - help, Q - select action, (/) - cycle Shift-Dir - straight line, f/p - yak
Aim: a yak (severely wounded, 80% to hit)
You shoot an arrow. The arrow hits the yak!
You kill the yak!
Fedhas appreciates your contribution to the ecosystem.
Your Ranged Weapons skill increases to level 10!
Your Dodging skill increases to level 8!
Fire: a) +0 shortbow {bow}
Press: ? - help, Q - select action, (/) - cycle Shift-Dir - straight line, f - yak
Aim: a yak (81% to hit)
You shoot an arrow. The arrow hits the yak!
The yak gores you.
* * * LOW HITPOINT WARNING * * *
The yak gores you!
* * * LOW HITPOINT WARNING * * *
😱 HP[-14]
You take 14 damage, and now have 15/63 hp.
MASSIVE DAMAGE!! (PAUSE) Fire: a) +0 shortbow {bow}
Press: ? - help, Q - select action, (/) - cycle Shift-Dir - straight line, f/p - yak
Aim: a yak (heavily wounded, 81% to hit)
You shoot an arrow. The arrow barely misses the yak.
The yak gores you!
* * * LOW HITPOINT WARNING * * *
😱 HP[-12]
You take 12 damage, and now have 3/63 hp.
Fire: a) +0 shortbow {bow}
Press: ? - help, Q - select action, (/) - cycle Shift-Dir - straight line, f/p - yak
Aim: a yak (heavily wounded, 81% to hit)
Okay, then.
You feel better. The yak gores you!
You die...
Fedhas appreciates your contribution to the ecosystem.

Skill      XL: |  1  2  3  4  5  6  7  8  9 10 |
---------------+-------------------------------+-----
Stealth        | 2 3 4 5 6 8 9 |  9.2
Dodging        | 3 4 5 6 7 8 |  8.0
Fighting       | 3 4 5 6 7 |  7.5
Ranged Weapons | 6 7 8 9 10 | 10.0
Armour         | 1 2 3 4 |  4.0
Evocations     | 2 4 5 |  5.0
Invocations    | 2 |  2.8

Action                   |  1- 3 |  4- 6 |  7- 9 | 10-12 || total
-------------------------+-------+-------+-------+-------++-------
 Fire: Shortbow          |    79 |   155 |   359 |   116 ||   709
Evoke: Wand              |       |       |     3 |     1 ||     4
  Use: Scroll            |       |       |     9 |       ||     9
       Potion            |       |       |     2 |     3 ||     5
Armor: Leather armour    |     8 |    15 |    11 |       ||    34
       Scale mail        |       |       |    71 |    24 ||    95
Dodge: Dodged            |    36 |    95 |   199 |    99 ||   429

Levels and vault maps discovered:
D:1:      minmay_arrival_open_corners, layout_rooms,
          ebering_ecumenical_altar_sacrificial
D:2:      layout_basic
D:3:      layout_basic, portal_sewer_entry_c, cheibrodos_gnoll_hut
D:4:      layout_loops_ring, overflow_temple_1_default, enter_ossuary_3,
          uniq_duvessa
D:5:      layout_basic, nicolae_qazlal_general_emergency,
          mainiacjoe_overflow_alcove_1
D:6:      cheibrodos_two_vegetables, layout_basic,
          minmay_temple_entry_drinking_statues, serial_shops, shop,
          grunt_ministairs_6, grunt_decor_one_mirror, minmay_misc_feat_pillars
D:7:      layout_cave_pools, nicolae_uskayaw_murder_on_the_dancefloor,
          xom_teletrap_fun, elyvilon_altar_3, gammafunk_ghost_wrathful_warriors
D:8:      layout_basic, hangedman_decor_riveting, uniq_psyche,
          uniq_prince_ribbit1
Temple:   minmay_temple_bridge_abc

Notes
Turn   | Place    | Note
-------+----------+-------------------------------------------
     0 | D:1      | mcwallace the Kobold Hunter began the quest for the Orb.
     0 | D:1      | Reached XP level 1. HP: 12/12 MP: 1/1
     0 | D:1      | magus.rc [v1.9.6]
    56 | D:1      | Reached XP level 2. HP: 18/18 MP: 2/2
    90 | D:1      | Found a faded altar of an unknown god.
   117 | D:1      | Reached skill level 2 in Stealth
   280 | D:1      | Reached XP level 3. HP: 11/22 MP: 3/3
   570 | D:1      | Reached skill level 3 in Dodging
   963 | D:2      | You pick up a book of Iron and begin reading...
   963 | D:2      | You add the spells Animate Armour, Blade Hands and Iron
                  | Shot to your library.
  1126 | D:2      | Reached XP level 4. HP: 21/27 MP: 4/4
  1140 | D:2      | Reached skill level 3 in Stealth
  1321 | D:2      | Reached skill level 3 in Fighting
  1326 | D:2      | You pick up a book of Armaments and begin reading...
  1326 | D:2      | You add the spells Stone Arrow and Lehudib's Crystal Spear
                  | to your library.
  1359 | D:2      | You add the spells Blink, Manifold Assault and Storm Form
                  | to your library.
  1722 | D:3      | Reached skill level 6 in Ranged Weapons
  1722 | D:3      | Reached XP level 5. HP: 32/32 MP: 5/5
  1741 | D:3      | Reached skill level 1 in Armour
  1817 | D:3      | Found a glowing drain.
  1847 | Sewer    | Entered a sewer
  2109 | Sewer    | Reached XP level 6. HP: 33/37 MP: 6/6
  2266 | Sewer    | Reached skill level 4 in Stealth
  2642 | D:3      | HP: 6/38 [centaur (6)]
  2644 | D:3      | Reached skill level 4 in Dodging
  2920 | D:3      | Reached skill level 4 in Fighting
  3007 | D:3      | You pick up a book of Burglary and begin reading...
  3007 | D:3      | You add the spells Passwall, Ensorcelled Hibernation and
                  | Swiftness to your library.
  3108 | D:3      | Reached XP level 7. HP: 22/43 MP: 7/7
  3549 | D:4      | Found a basalt altar of Yredelemnul.
  3641 | D:4      | Found a sand-covered staircase.
  3647 | Ossuary  | Entered an ossuary
  3670 | Ossuary  | Identified 2 scrolls of acquirement
  3670 | Ossuary  | Acquired the +2 pair of gloves of the Nexus {rElec Str+5}
  3677 | Ossuary  | Acquired the ring of Cowardice {Contam rElec rF+ Int+6
                  | Slay+2}
  3699 | Ossuary  | Reached skill level 7 in Ranged Weapons
  3699 | Ossuary  | Reached skill level 5 in Stealth
  4351 | D:4      | Noticed Dowan
  4353 | D:4      | Noticed Duvessa
  4364 | D:4      | Killed Dowan
  4367 | D:4      | Killed Duvessa
  4368 | D:4      | Reached skill level 5 in Dodging
  4653 | D:4      | Reached XP level 8. HP: 41/48 MP: 8/8
  4667 | D:4      | Reached skill level 5 in Fighting
  4941 | D:5      | Entered Level 5 of the Dungeon
  4983 | D:5      | Found an ancient bone altar of Kikubaaqudgha.
  5163 | D:5      | Reached skill level 6 in Stealth
  5709 | D:5      | Found a stormy altar of Qazlal.
  5773 | D:5      | Reached skill level 1 in Evocations
  5781 | D:5      | Reached skill level 8 in Ranged Weapons
  6099 | D:5      | Identified the +1 robe "Vuidoh" {rElec Int+4}
  6249 | D:6      | Reached skill level 2 in Armour
  6254 | D:6      | HP: 9/50 [vampire mosquito (10)]
  6257 | D:6      | HP: 4/50 [vampire mosquito (6)]
  6264 | D:6      | Reached skill level 6 in Dodging
  6264 | D:6      | Reached skill level 2 in Evocations
  6534 | D:6      | Reached XP level 9. HP: 55/55 MP: 9/9
  6539 | D:6      | Reached skill level 7 in Stealth
  6681 | D:6      | Found a staircase to the Ecumenical Temple.
  6687 | Temple   | Entered the Ecumenical Temple
  6707 | Temple   | Reached skill level 6 in Fighting
  6707 | Temple   | Reached skill level 3 in Evocations
  7250 | D:6      | Found Lafaus's General Store.
  7255 | D:6      | Bought a scroll of identify for 20 gold pieces
  7255 | D:6      | Bought a scroll of identify for 20 gold pieces
  7255 | D:6      | Bought a scroll of identify for 20 gold pieces
  7324 | D:6      | Reached skill level 3 in Armour
  7592 | D:6      | Reached skill level 9 in Ranged Weapons
  7849 | D:6      | Reached skill level 4 in Evocations
  7878 | D:6      | Reached skill level 7 in Dodging
  7887 | D:6      | Reached skill level 8 in Stealth
  7895 | D:6      | You pick up a book of Fire and begin reading...
  7895 | D:6      | You add the spells Fireball, Starburst and Ignition to your
                  | library.
  8244 | Temple   | Became a worshipper of Fedhas Madash
  8409 | D:7      | Reached XP level 10. HP: 59/61 MP: 10/10
  8443 | D:6      | HP: 15/61 [killer bee (7)]
  8696 | D:7      | Reached skill level 1 in Invocations
  8772 | D:7      | Noticed a five-headed hydra
  8785 | D:7      | Killed a five-headed hydra
  8786 | D:7      | Reached skill level 7 in Fighting
  8786 | D:7      | Reached skill level 2 in Invocations
  8786 | D:7      | Reached skill level 5 in Evocations
  8993 | D:7      | Found a shimmering altar of Xom.
  9008 | D:7      | Reached skill level 4 in Armour
  9008 | D:7      | Reached skill level 9 in Stealth
  9055 | D:7      | Found a hide-covered altar of Uskayaw.
  9133 | D:7      | Found a white marble altar of Elyvilon.
  9216 | D:7      | Found a transporter.
  9217 | D:7      | Found a transporter.
  9318 | D:7      | Noticed a two-headed ogre
  9326 | D:7      | Noticed a moth of wrath
  9439 | D:7      | Noticed zeratav's ghost (novice OpVM)
  9514 | D:8      | Reached * piety under Fedhas
  9545 | D:8      | Reached skill level 10 in Ranged Weapons
  9545 | D:8      | Reached skill level 8 in Dodging
  9545 | D:8      | HP: 15/63 [yak (10)]
  9546 | D:8      | HP: 3/63 [yak (12)]
  9547 | D:8      | Slain by a yak

Vanquished Creatures
  A hydra (D:7)
  3 yaks (D:8)
  A steam dragon (D:6)
  2 vampire mosquitoes (D:6)
  3 water moccasins
  Duvessa (D:4)
  2 sky beasts
  A black bear (D:5)
  2 ice beasts
  2 centaurs
  An ogre (D:6)
  A phantom (D:6)
  2 bullfrogs
  2 necrophages
  3 scorpions
  Dowan (D:4)
  3 killer bees
  6 electric eels (D:6)
  2 howler monkeys
  4 hounds
  2 gnoll boudas
  An orc priest (D:6)
  2 jellies
  2 iguanas (D:5)
  2 orc wizards (D:4)
  8 mummies (Ossuary)
  9 adders
  18 gnolls
  A river rat (Sewer)
  A shadow imp (D:8)
  4 white imps
  2 worms (D:2)
  5 dart slugs
  11 orcs
  9 ball pythons
  4 bats
  7 endoplasms
  6 giant cockroaches
  4 gnoll zombies (Ossuary)
  11 goblins
  7 hobgoblins
  8 kobolds
  8 quokkas
  8 frilled lizards
  2 hobgoblin zombies (Ossuary)
  A kobold zombie (Ossuary)
  An orc zombie (Ossuary)
  14 rats
201 creatures vanquished.

Vanquished Creatures (others)
  An adder (D:6)
  A shadow imp (D:6)
  5 plants (D:6)
7 creatures vanquished.

Grand Total: 208 creatures vanquished

Table legend:
 A = Non-vault XP
 B = Vault XP
 C = Vault XP percentage of total XP
 D = Non-vault monster count
 E = Vault monster count
 F = Vault count percentage of total count
                 A         B        C        D         E       F
            +---------+---------+-------+---------+---------+-------
      Total |    5120 |    1129 |  18.1 |     143 |      58 |  28.9
            +---------+---------+-------+---------+---------+-------
        D:1 |      46 |       0 |   0.0 |      22 |       0 |   0.0
        D:2 |      68 |       0 |   0.0 |      15 |       0 |   0.0
        D:3 |     253 |     111 |  30.5 |      30 |      10 |  25.0
        D:4 |     113 |     208 |  64.8 |      19 |       2 |   9.5
        D:5 |     464 |       0 |   0.0 |      10 |       0 |   0.0
        D:6 |    1776 |     531 |  23.0 |      23 |       9 |  28.1
        D:7 |    1619 |       0 |   0.0 |      15 |       0 |   0.0
        D:8 |     692 |       0 |   0.0 |       8 |       0 |   0.0
     Temple |      89 |       0 |   0.0 |       1 |       0 |   0.0
      Sewer |       0 |     123 | 100.0 |       0 |      21 | 100.0
    Ossuary |       0 |     156 | 100.0 |       0 |      16 | 100.0
            +---------+---------+-------+---------+---------+-------

Illustrated notes

Table legend:
 A = Kills in this place as a percentage of kills in entire the game.
 B = Kills by you in this place as a percentage of kills by you in the entire game.
 C = Kills by friends in this place as a percentage of kills by friends in the entire game.
 D = Other kills in this place as a percentage of other kills in the entire game.
 E = Experience gained in this place as a percentage of experience gained in the entire game.
 F = Experience gained in this place divided by the number of levels of this place that you have seen.
                   A       B       C       D       E      F
               +-------+-------+-------+-------+-------+----------------------
         Total | 100.0 | 100.0 |   N/A |   N/A | 100.0 | 568.1
       Dungeon |  81.1 |  81.1 |   N/A |   N/A |  94.1 | 735.1
        Temple |   0.5 |   0.5 |   N/A |   N/A |   1.4 |  89.0
         Sewer |  10.4 |  10.4 |   N/A |   N/A |   2.0 | 123.0
       Ossuary |   8.0 |   8.0 |   N/A |   N/A |   2.5 | 156.0
               +-------+-------+-------+-------+-------+----------------------

Table legend: (Time is in decaauts)
 A = Elapsed time spent in this place.
 B = Non-inter-level travel time spent in this place.
 C = Inter-level travel time spent in this place.
 D = Time resting spent in this place.
 E = Time spent auto-exploring this place.
 F = Levels seen in this place.
 G = Mean time per level.
                   A        B        C        D        E       F      G
               +--------+--------+--------+--------+--------+-----+--------+
         Total |   9750 |   9300 |    450 |   1009 |   6627 |  11 |  886.4 |
       Dungeon |   8348 |   7970 |    378 |    846 |   5834 |   8 | 1043.5 |
        Temple |    352 |    280 |     72 |      0 |    224 |   1 |  352.0 |
         Sewer |    537 |    537 |      0 |      0 |    395 |   1 |  537.0 |
       Ossuary |    512 |    512 |      0 |    163 |    174 |   1 |  512.0 |
               +--------+--------+--------+--------+--------+-----+--------+

Top non-repeatable levels by time:
     D:6: 2113 daAuts
     D:3: 1365 daAuts
     D:5: 1291 daAuts
     D:4: 924 daAuts
     D:7: 894 daAuts
     D:2: 891 daAuts
     D:1: 797 daAuts
   Sewer: 537 daAuts
 Ossuary: 512 daAuts
  Temple: 352 daAuts
     D:8: 69 daAuts
